 Dungeon Crawl Stone Soup version 0.28.0-47-ge53b351184 (webtiles) character file.

Game seed: 17389436068539142896

3366 mortz the Thaumaturge (level 9, -3/46 HPs)
             Began as a Deep Elf Conjurer on May 6, 2022.
             Was a Follower of Vehumet.
             Killed from afar by a steam dragon (11 damage)
             ... with a ball of steam
             ... on level 7 of the Dungeon.
             The game lasted 00:52:56 (9779 turns).

mortz the Thaumaturge (Deep Elf Conjurer)           Turns: 9779, Time: 00:52:56

Health: -3/46      AC: 12    Str:  6    XL:     9   Next: 73%
Magic:  19/24      EV: 11    Int: 38    God:    Vehumet [*.....]
Gold:   441        SH:  0    Dex: 13    Spells: 13/26 levels left

rFire   . . .      SeeInvis .   I - +9 falchion of Checks and Balances {venom, rN+, long}
rCold   . . .      Faith    .   t - orb {light}
rNeg    + . .      Spirit   .   L - +0 acid dragon scales
rPois   .          Reflect  .   M - +0 helmet
rElec   .          Harm     .   m - +0 cloak
rCorr   +          Rampage  .   (no gloves)
Will    .....                   o - +2 pair of boots
Stlth   +.........              (no amulet)
HPRegen 0.15/turn               p - +6 ring of intelligence
MPRegen 0.19/turn               E - +6 ring of intelligence

@: glowing
A: no striking features
a: Renounce Religion


You were on level 7 of the Dungeon.
You worshipped Vehumet.
Vehumet was aware of your devotion.
You visited 2 branches of the dungeon, and saw 8 of its levels.
You also visited: Sewer.

You collected 441 gold pieces.


   Skills:
 + Level 0.8 Fighting
 + Level 1.5(1.6) Short Blades
 + Level 0.5(1.1) Long Blades
 + Level 2.7 Armour
 + Level 3.8 Dodging
 + Level 4.6 Stealth
 + Level 9.3 Spellcasting
 + Level 8.4 Conjurations
 * Level 2.3 Translocations
 * Level 2.2 Transmutations
 * Level 5.3 Air Magic
 * Level 5.4 Poison Magic


You had 13 spell levels left.
You knew the following spells:

 Your Spells              Type           Power      Damage    Failure   Level
a - Magic Dart            Conj           100%       1d8       1%          1
b - Searing Ray           Conj           100%       2d8       1%          2
c - Mephitic Cloud        Conj/Pois/Air  60%        N/A       1%          3
d - Ignite Poison         Fire/Tmut/Pois 37%        N/A       4%          3
e - Iskenderun's Mystic   Conj/Tloc      56%        2d12      4%          4

Your spell library contained the following spells:

 Spells                   Type           Power      Damage    Failure   Level
 Freeze                   Ice            68%        1d8       4%          1
 Dazzling Flash           Conj/Hex       98%        N/A       2%          3
 Fulminant Prism          Conj/Hex       24%        3d13      8%          4
 Freezing Cloud           Conj/Ice/Air   25%        6-21      17%         5

Inventory:

Hand Weapons
 c - a +0 morningstar {mace}
   (You found it on level 1 of the Dungeon)
 i - a +4 dagger of draining {short}
   (You took it off a goblin on level 1 of the Dungeon)
 q - a +0 war axe {axe}
   (You found it on level 3 of the Dungeon)
 I - the +9 falchion of Checks and Balances (weapon) {venom, rN+, long}
   (You found it on level 6 of the Dungeon)

   It poisons the flesh of those it strikes.
   rN:        It protects you from negative energy.
 O - a +4 vorpal halberd {polearm}
   (You took it off a gnoll on level 7 of the Dungeon)
Missiles
 g - 11 poisoned darts {throwing}
Armour
 l - a +0 robe of positive energy
   (You took it off Jessica on level 2 of the Dungeon)
 m - a +0 cloak (worn)
   (You found it on level 2 of the Dungeon)
 o - a +2 pair of boots (worn)
   (You found it on level 2 of the Dungeon)
 t - an orb of light (worn)
   (You found it on level 3 of the Dungeon)
 w - a +2 leather armour of fire resistance
   (You took it off an orc priest on level 3 of the Dungeon)
 L - +0 acid dragon scales (worn)
   (You took it off Maggie on level 6 of the Dungeon)
 M - a +0 helmet (worn)
   (You found it on level 7 of the Dungeon)
Magical Staves
 H - a staff of death {!astaff}
   (You found it on level 7 of the Dungeon)
Jewellery
 n - a +6 ring of dexterity
   (You found it on level 4 of the Dungeon)
 p - a +6 ring of intelligence (left hand)
   (You found it on level 3 of the Dungeon)
 E - a +6 ring of intelligence (right hand)
   (You found it on level 7 of the Dungeon)
Wands
 e - a wand of charming (10)
   (You found it on level 6 of the Dungeon)
 s - a wand of mindburst (11)
   (You found it on level 7 of the Dungeon)
 F - a wand of flame (20)
   (You found it on level 5 of the Dungeon)
 K - a wand of paralysis (5)
   (You took it off Maggie on level 6 of the Dungeon)
Scrolls
 k - 2 scrolls of blinking {!r}
 r - a scroll of holy word {unknown}
 u - 3 scrolls of fog
 v - 2 scrolls of fear
 y - 4 scrolls of teleportation {@r4}
 A - a scroll of enchant weapon {unknown}
 B - 2 scrolls of immolation {!r!r}
 D - a scroll of acquirement {unknown}
 J - 2 scrolls of amnesia {unknown}
 N - a scroll of identify {@r1}
Potions
 a - 2 potions of flight
 b - a potion of might
 d - a potion of mutation {!q}
 f - a potion of attraction {!q}
 h - 7 potions of curing {@q1}
 j - 3 potions of haste {@q3}
 x - 2 potions of invisibility
 z - a potion of ambrosia {unknown}
 C - a potion of heal wounds {@q2}
 G - 2 potions of magic {unknown}

Dungeon Overview and Level Annotations

Branches:
Dungeon (7/15)             Temple (1/1) D:4           Sewer (visited)

Altars:
Ashenzari
Cheibriados
Dithmenos
Elyvilon
Fedhas
Gozag
Kikubaaqudgha
Makhleb
Nemelex Xobeh
Okawaru
Qazlal
Ru
Sif Muna
Trog
Uskayaw
Vehumet
Wu Jian
Xom
Yredelemnul
Zin
The Shining One

Shops:
D:1 :

Annotations:
D:2 Sigmund
D:7 3 runed translucent doors, safid's ghost, novice HOFi

##### ....# ###.# #.######
#......#########
###..............#
.......#.#######.# ###..#.#.# #.#
#......# #@# ###..#.#########D#
##.#######
..................ยง...D..........
.............############.####.##
.......#####.# #.# .......# #.#
##.## ......<## #.# ##...#
..#..>..# #.# #.###. #.####..# #.#
#####.# #.


You could see a steam dragon (catching breath).


Message History

๐Ÿ˜Ž MP[+10]
Your mp is fully restored (24).
N - a scroll of identify {@r1} You now have 402 gold pieces (gained 9).
Things that are here:
a +0 whip {mace}; a gnoll corpse The gnoll shouts!
There is a large open door here.
Aiming: Magic Dart (safe; 1% risk of failure)
Press: ? - help, Q - select action, (/) - cycle Shift-Dir - straight line, f - gnoll
Aim: a gnoll, wielding a +4 vorpal halberd (100% to hit)
The magic dart hits the gnoll. ๐Ÿ˜Ž MP[-1]
You lost 1 mp, and now have 23/24 mp.
Casting: Magic Dart (safe; 1% risk of failure)
Confirm with . or Enter, or press ? or * to list all spells.
You can't see any susceptible monsters within range! (Use Z to cast anyway.) Unknown command.
Aiming: Magic Dart (safe; 1% risk of failure)
Press: ? - help, Q - select action, (/) - cycle Shift-Dir - straight line, f/p - gnoll
Aim: a gnoll, wielding a +4 vorpal halberd (moderately wounded, 100% to hit)
The magic dart hits the gnoll but does no damage. ๐Ÿ˜Ž MP[-1]
You lost 1 mp, and now have 22/24 mp.
Casting: Magic Dart (safe; 1% risk of failure)
Confirm with . or Enter, or press ? or * to list all spells.
Aiming: Searing Ray (safe; 1% risk of failure)
Press: ? - help, Shift-Dir - straight line, f/p - gnoll
Aim: a gnoll, wielding a +4 vorpal halberd (moderately wounded, 85% to hit)
The searing ray hits the gnoll. (Press . to maintain the ray.) ๐Ÿ˜Ž MP[-2]
You lost 2 mp, and now have 20/24 mp.
The searing ray misses the gnoll. ๐Ÿ˜Ž MP[-1]
You lost 1 mp, and now have 19/24 mp.
The searing ray hits the gnoll!
You kill the gnoll!
Vehumet accepts your kill.
You feel your power returning. ๐Ÿ˜Ž MP[+1]
You see here a +4 vorpal halberd {polearm}.
O - a +4 vorpal halberd {polearm}
B - 2 scrolls of immolation {!r!r} (gained 1)
You now have enough gold to buy an Inescapable Atlas on D:1, or buy a book of Maledictions on D:1.
You can access your shopping list by pressing '$'.
You now have 441 gold pieces (gained 39).
Things that are here:
a +0 whip {mace}; a +0 leather armour; a gnoll corpse ๐Ÿ˜Ž MP[+4]
Your mp is fully restored (24).
There is a large open door here.
There is a large open door here.
You see here a +0 hunting sling {sling}.
There is a large open door here.
Things that are here:
a +0 hand axe {axe}; a +0 dagger {short}; a +0 robe You see here a +0 mace {mace}.
A steam dragon comes into view.
The steam dragon hisses angrily.
The steam dragon breathes steam at you. The ball of steam hits you!!
The steam dragon moves out of view. ๐Ÿ˜ฎ HP[-18]
You take 18 damage, and now have 28/46 hp.
MASSIVE DAMAGE!! (PAUSE)
You start resting.
A steam dragon is nearby!
Casting: Searing Ray (safe; 1% risk of failure)
Confirm with . or Enter, or press ? or * to list all spells.
Aiming: Searing Ray (safe; 1% risk of failure)
Press: ? - help, Shift-Dir - straight line, f - steam dragon
Aim: a steam dragon (haloed, 87% to hit)
The searing ray misses the steam dragon. (Press . to maintain the ray.)
The steam dragon breathes steam at you.
The ball of steam hits you. ๐Ÿ˜ฎ HP[-4] MP[-2]
You take 4 damage, and now have 24/46 hp.
You lost 2 mp, and now have 22/24 mp.
The searing ray hits the steam dragon.
You are engulfed in a cloud of scalding steam.
* * * LOW HITPOINT WARNING * * *
๐Ÿ˜จ HP[-7] MP[-1]
You take 7 damage, and now have 17/46 hp.
You lost 1 mp, and now have 21/24 mp.
The searing ray hits the steam dragon!
You are engulfed in a cloud of scalding steam.
The steam dragon bites you but does no damage.
The steam dragon claws you.
* * * LOW HITPOINT WARNING * * *
๐Ÿ˜จ HP[-3] MP[-1]
You take 3 damage, and now have 14/46 hp.
You lost 1 mp, and now have 20/24 mp.
The searing ray hits the steam dragon.
You finish channelling your searing ray.
You are engulfed in a cloud of scalding steam.
* * * LOW HITPOINT WARNING * * *
The steam dragon breathes steam at you. The ball of steam hits you!
You die...

Skill      XL: |  1  2  3  4  5  6  7  8  9 |
---------------+----------------------------+-----
Conjurations   | 5 6 7 8 |  8.4
Stealth        | 3 4 |  4.6
Poison Magic   | 1 2 3 4 5 |  5.4
Air Magic      | 1 2 3 4 5 |  5.3
Spellcasting   | 4 5 6 8 9 |  9.3
Short Blades   | 1 |  1.5
Dodging        | 3 |  3.8
Armour         | 1 2 |  2.7
Transmutations | 1 2 |  2.2
Translocations | 2 |  2.3
Fighting       | |  0.8
Long Blades    | |  0.5

Action                   |  1- 3 |  4- 6 |  7- 9 || total
-------------------------+-------+-------+-------++-------
Melee: Dagger            |     4 |    27 |     5 ||    36
       Falchion          |       |       |    14 ||    14
 Cast: Magic Dart        |    38 |    37 |    93 ||   168
       Searing Ray       |    12 |    30 |    64 ||   106
  Use: Scroll            |       |     7 |     6 ||    13
       Potion            |       |       |     1 ||     1
 Stab: Sleeping          |     2 |       |       ||     2
Armor: Robe              |       |    21 |       ||    21
       Leather armour    |       |     4 |    12 ||    16
       Acid dragon scale |       |       |    19 ||    19
Dodge: Dodged            |     3 |    29 |    39 ||    71

Levels and vault maps discovered:
D:1:      wheals_arrival_shading, layout_loops_ring,
          dreamdust_ecumenical_altar_drowned_temple, serial_shops,
          nicolae_shop_crystal, patterned_corridor
D:2:      kb_forest_paths, layout_basic, uniq_jessica, uniq_sigmund
D:3:      layout_loops_ring, portal_sewer_entry_d
D:4:      layout_layer_cave, mainiacjoe_overflow_boulevard,
          nicolae_overflow_hidden_temple, minmay_temple_entry_glass,
          uniq_grinder
D:5:      layout_loops_cross, mainiacjoe_overflow_small_starburst,
          serial_co_window_serial, co_window_of_opportunity_a,
          co_window_corner_a, co_window_paths_a, co_window_corner_a,
          co_window_of_opportunity_a, co_window_paths_b,
          co_window_of_opportunity_a, co_window_broadway_c, co_window_corner_cb,
          co_window_paths_c, co_window_unsneaky_path_a, co_window_cross_3,
          hangedman_minor_gate_pass
D:6:      layout_loops_cross, chequers_serial_rivers_micro_b,
          corexii_corridor_pit, uniq_menkaure, uniq_maggie, uniq_blork_the_orc
D:7:      layout_loops_ring, gammafunk_ghost_nasty_kobolds, st_stairs_6,
          grunt_ministairs_15, kennysheep_dice
Temple:   eino_wide_crystal_templ

Notes
Turn   | Place    | Note
-------+----------+-------------------------------------------
     0 | D:1      | mortz the Deep Elf Conjurer began the quest for the Orb.
     0 | D:1      | Reached XP level 1. HP: 10/10 MP: 6/6
     0 | D:1      | magus.rc [v1.9.6]
   120 | D:1      | Found Zareschith's Book Shoppe.
   157 | D:1      | Found a faded altar of an unknown god.
   243 | D:1      | Reached XP level 2. HP: 12/15 MP: 0/8
   317 | D:1      | Learned a level 2 spell: Searing Ray
   453 | D:1      | Reached skill level 5 in Conjurations
   520 | D:1      | You add the spells Ignite Poison, Mephitic Cloud and
                  | Freezing Cloud to your library.
   834 | D:1      | Reached XP level 3. HP: 19/19 MP: 7/9
  1306 | D:2      | Noticed Jessica
  1308 | D:2      | Killed Jessica
  1309 | D:2      | Reached skill level 3 in Stealth
  1416 | D:2      | Noticed Sigmund
  1603 | D:2      | Reached XP level 4. HP: 24/24 MP: 8/11
  1649 | D:2      | Reached skill level 1 in Poison Magic
  2599 | D:3      | Learned a level 3 spell: Mephitic Cloud
  2687 | D:3      | Reached skill level 1 in Air Magic
  2703 | D:3      | Reached skill level 4 in Spellcasting
  2703 | D:3      | Reached XP level 5. HP: 27/28 MP: 3/13
  3102 | D:3      | Found a glowing drain.
  3115 | Sewer    | Entered a sewer
  3231 | Sewer    | Noticed Pargi
  3237 | Sewer    | Killed Pargi
  3238 | Sewer    | Reached skill level 2 in Air Magic
  3238 | Sewer    | Reached skill level 2 in Poison Magic
  3238 | Sewer    | Reached XP level 6. HP: 29/32 MP: 5/15
  3644 | D:3      | Reached skill level 1 in Short Blades
  3717 | D:3      | Reached skill level 3 in Dodging
  4081 | D:4      | Found a blossoming altar of Fedhas.
  4082 | D:4      | Found an opulent altar of Gozag.
  4157 | D:4      | Found a staircase to the Ecumenical Temple.
  4172 | D:4      | Reached skill level 5 in Spellcasting
  4173 | Temple   | Entered the Ecumenical Temple
  4266 | Temple   | Became a worshipper of Vehumet
  4298 | D:4      | Reached skill level 6 in Conjurations
  4414 | D:4      | Reached XP level 7. HP: 34/36 MP: 11/16
  4517 | D:4      | Found a sacrificial altar of Ru.
  4517 | D:4      | Noticed Grinder
  4536 | D:4      | Killed Grinder
  4537 | D:4      | Reached skill level 3 in Air Magic
  4537 | D:4      | Reached skill level 3 in Poison Magic
  5162 | D:4      | Reached skill level 4 in Stealth
  5340 | D:4      | Found a broken altar of Ashenzari.
  5342 | D:4      | Found a bloodstained altar of Trog.
  5696 | D:5      | Entered Level 5 of the Dungeon
  5735 | D:5      | Found a snail-covered altar of Cheibriados.
  5915 | D:5      | Reached skill level 6 in Spellcasting
  6182 | D:5      | Reached skill level 1 in Armour
  6182 | D:5      | Reached skill level 7 in Conjurations
  6182 | D:5      | Reached XP level 8. HP: 41/41 MP: 14/19
  6816 | D:5      | Reached * piety under Vehumet
  6816 | D:5      | Offered knowledge of Freeze by Vehumet.
  6817 | D:5      | Reached skill level 7 in Spellcasting
  7429 | D:6      | Reached skill level 4 in Air Magic
  7653 | D:6      | Reached skill level 4 in Poison Magic
  7783 | D:6      | Identified the +3 shortbow of the Poles {venom, rN+ rCorr}
  7869 | D:6      | Noticed Maggie
  7921 | D:6      | Identified the +9 falchion of Checks and Balances {venom,
                  | rN+}
  7931 | D:6      | Noticed Blork the orc
  7937 | D:6      | Killed Blork the orc
  7938 | D:6      | Reached skill level 8 in Spellcasting
  7944 | D:6      | Noticed Menkaure
  7945 | D:6      | Paralysed by Maggie for 2 turns
  7959 | D:6      | HP: 9/41 [Maggie/+0 halberd (11)]
  7964 | D:6      | Killed Maggie
  7965 | D:6      | Reached skill level 2 in Armour
  7965 | D:6      | Reached skill level 8 in Conjurations
  7965 | D:6      | Reached skill level 1 in Transmutations
  7965 | D:6      | Reached XP level 9. HP: 19/45 MP: 3/23
  8188 | D:6      | Killed Menkaure
  8527 | D:7      | Reached skill level 5 in Poison Magic
  8737 | D:7      | Reached skill level 5 in Air Magic
  8983 | D:7      | Learned a level 3 spell: Ignite Poison
  8988 | D:7      | Learned a level 4 spell: Iskenderun's Mystic Blast
  9044 | D:7      | Reached skill level 1 in Translocations
  9130 | D:7      | Found a runed translucent gate.
  9131 | D:7      | Found a runed translucent gate.
  9131 | D:7      | Found a runed translucent gate.
  9131 | D:7      | Noticed safid's ghost (novice HOFi)
  9415 | D:7      | Reached skill level 2 in Transmutations
  9477 | D:7      | Reached skill level 2 in Translocations
  9516 | D:7      | Reached skill level 9 in Spellcasting
  9779 | D:7      | HP: 8/46 [steam dragon] (6)]
  9779 | D:7      | Killed from afar by a steam dragon

Vanquished Creatures
  Maggie (D:6)
  Grinder (D:4)
  Menkaure (D:6)
  A hornet zombie (D:7)
  Pargi (Sewer)
  2 sky beasts
  An ogre (D:7)
  2 necrophages
  3 centaurs
  2 phantoms
  Blork the orc (D:6)
  5 scorpions
  A water moccasin zombie (D:5)
  3 killer bees (D:7)
  A wight (D:7)
  4 howler monkeys
  2 centaur zombies
  3 jellies (D:7)
  2 orc priests (D:3)
  A centaur skeleton (D:5)
  A gnoll shaman (D:7)
  3 hounds
  A bullfrog skeleton (D:4)
  5 iguanas
  Jessica (D:2)
  6 orc wizards
  A killer bee zombie (D:7)
  2 hound skeletons
  3 gnolls (D:7)
  11 adders
  A shadow imp (D:6)
  2 ufetubi (D:6)
  An adder skeleton (D:4)
  3 worms (D:2)
  2 dart slugs
  17 orcs
  7 ball pythons
  8 endoplasms
  5 giant cockroaches
  6 goblins
  8 hobgoblins
  7 jackals (D:4)
  6 kobolds
  5 quokkas
  3 bats
  7 frilled lizards
  4 rats
  A spectral hobgoblin (D:1)
165 creatures vanquished.

Vanquished Creatures (others)
  4 plants (D:4)
4 creatures vanquished.

Grand Total: 169 creatures vanquished

Table legend:
 A = Non-vault XP
 B = Vault XP
 C = Vault XP percentage of total XP
 D = Non-vault monster count
 E = Vault monster count
 F = Vault count percentage of total count
                 A         B        C        D         E       F
            +---------+---------+-------+---------+---------+-------
      Total |    2527 |    2282 |  47.5 |     128 |      37 |  22.4
            +---------+---------+-------+---------+---------+-------
        D:1 |      48 |       1 |   2.0 |      25 |       1 |   3.8
        D:2 |      65 |      53 |  44.9 |      18 |       7 |  28.0
        D:3 |     137 |      13 |   8.7 |      18 |       1 |   5.3
        D:4 |     415 |     286 |  40.8 |      24 |       1 |   4.0
        D:5 |     533 |     450 |  45.8 |      14 |       7 |  33.3
        D:6 |     332 |     681 |  67.2 |       7 |       3 |  30.0
        D:7 |     997 |     634 |  38.9 |      22 |       8 |  26.7
      Sewer |       0 |     164 | 100.0 |       0 |       9 | 100.0
            +---------+---------+-------+---------+---------+-------

Illustrated notes

Table legend:
 A = Kills in this place as a percentage of kills in entire the game.
 B = Kills by you in this place as a percentage of kills by you in the entire game.
 C = Kills by friends in this place as a percentage of kills by friends in the entire game.
 D = Other kills in this place as a percentage of other kills in the entire game.
 E = Experience gained in this place as a percentage of experience gained in the entire game.
 F = Experience gained in this place divided by the number of levels of this place that you have seen.
                   A       B       C       D       E      F
               +-------+-------+-------+-------+-------+----------------------
         Total | 100.0 | 100.0 |   N/A |   N/A | 100.0 | 534.3
       Dungeon |  94.5 |  94.5 |   N/A |   N/A |  96.6 | 663.6
         Sewer |   5.5 |   5.5 |   N/A |   N/A |   3.4 | 164.0
               +-------+-------+-------+-------+-------+----------------------

Table legend: (Time is in decaauts)
 A = Elapsed time spent in this place.
 B = Non-inter-level travel time spent in this place.
 C = Inter-level travel time spent in this place.
 D = Time resting spent in this place.
 E = Time spent auto-exploring this place.
 F = Levels seen in this place.
 G = Mean time per level.
                   A        B        C        D        E       F      G
               +--------+--------+--------+--------+--------+-----+--------+
         Total |   9849 |   9401 |    448 |    824 |   6964 |   9 | 1094.3 |
       Dungeon |   9349 |   8909 |    440 |    802 |   6593 |   7 | 1335.6 |
        Temple |    102 |     94 |      8 |      0 |     76 |   1 |  102.0 |
         Sewer |    396 |    396 |      0 |     22 |    294 |   1 |  396.0 |
               +--------+--------+--------+--------+--------+-----+--------+

Top non-repeatable levels by time:
     D:5: 1754 daAuts
     D:4: 1518 daAuts
     D:2: 1361 daAuts
     D:1: 1222 daAuts
     D:7: 1203 daAuts
     D:3: 1178 daAuts
     D:6: 1110 daAuts
   Sewer: 396 daAuts
  Temple: 102 daAuts
